 Dungeon Crawl Stone Soup version 0.28-a0-8-g6e044cf (webtiles) character file.

Game seed: 15577429547741964508

305 MrTaco21 the Cudgeller (level 6, -7/37 HPs)
             Began as a Gargoyle Fighter on July 24, 2021.
             Mangled by an ogre (18 damage)
             ... on level 4 of the Dungeon.
             The game lasted 00:04:55 (4098 turns).

MrTaco21 the Cudgeller (Gargoyle Fighter)           Turns: 4098, Time: 00:04:56

Health: -7/37      AC: 14    Str: 21    XL:     6   Next: 39%
Magic:  6/6        EV:  7    Int:  9    God:
Gold:   162        SH:  9    Dex: 15    Spells: 5/5 levels left

rFire   . . .      SeeInvis .   a - +0 flail
rCold   . . .      Faith    .   c - +0 kite shield
rNeg    + . .      Spirit   .   b - +0 scale mail
rPois   ∞          Reflect  .   p - +1 helmet
rElec   +          Harm     .   (no cloak)
rCorr   .          Rampage  .   (no gloves)
Will    .....                   n - +0 pair of boots
Stlth   ..........              e - amulet of magic regeneration
HPRegen 0.12/turn               s - +6 ring of dexterity
MPRegen 0.35/turn               (no ring)

@: no status effects
A: sickness immunity, AC +4, negative energy resistance 1, electricity
resistance, torment resistance 1, petrification resistance
a: no special abilities


You were on level 4 of the Dungeon.
You visited 1 branch of the dungeon, and saw 4 of its levels.

You collected 162 gold pieces.

Inventory:

Hand Weapons
 a - a +0 flail (weapon)
Missiles
 l - 5 poisoned darts (quivered)
Armour
 b - a +0 scale mail (worn)
 c - a +0 kite shield (worn)
 n - a +0 pair of boots (worn)
   (You found it on level 2 of the Dungeon)
 p - a +1 helmet (worn)
   (You took it off Robin on level 3 of the Dungeon)
Jewellery
 e - an amulet of magic regeneration (around neck)
   (You found it on level 4 of the Dungeon)
 s - a +6 ring of dexterity (left hand)
   (You found it on level 1 of the Dungeon)
Wands
 v - a wand of digging (7)
   (You found it on level 3 of the Dungeon)
Scrolls
 f - a scroll of vulnerability {unknown}
 g - a scroll of enchant armour {unknown}
 i - 6 scrolls of identify {unknown}
 j - a scroll of brand weapon {unknown}
 r - a scroll of acquirement {unknown}
Potions
 d - a potion of might
 h - a potion of flight {unknown}
 k - a potion of berserk rage {unknown}
 m - 7 potions of curing {unknown}
 o - a potion of degeneration {unknown}
 q - a potion of cancellation {unknown}


   Skills:
 - Level 3.2 Fighting
 + Level 6.6 Maces & Flails
 - Level 3.2 Armour
 - Level 3.2 Shields


You had 5 spell levels left.
You didn't know any spells.
Your spell library contained the following spells:

 Spells                   Type           Power      Damage    Failure   Level
 Blink                    Tloc           N/A        N/A       100%        2
 Lesser Beckoning         Tloc           0%         N/A       100%        3
 Portal Projectile        Hex/Tloc       0%         N/A       100%        3
 Blade Hands              Tmut           0%         N/A       100%        5
 Excruciating Wounds      Necr           0%         N/A       100%        5
 Manifold Assault         Tloc           0%         N/A       100%        5


Dungeon Overview and Level Annotations

Branches:
Dungeon (4/15)
 Temple: D:4-7

Altars:
Fedhas
Gozag
The Shining One


Innate Abilities, Weirdness & Mutations

You are immune to sickness and miasma.
Your stone body is resilient. (AC +4)
You are immune to poison.
You resist negative energy. (rN+)
You are resistant to electric shocks. (rElec)
You are resistant to unholy torment.
You are immune to petrification.


Message History

You have reached level 6!
Your experience leads to an increase in your attributes!
Your base attributes are Str 20, Int 9, Dex 9.
Increase (S)trength, (I)ntelligence, or (D)exterity?
You feel stronger.
You now have 162 gold pieces (gained 22).
Found a scroll labelled ZUKHUEQIMA.
An ogre comes into view. It is wielding a +0 giant club.
The ogre shouts!
An ogre is nearby!
Throw: 9 darts (poison)
Aim: an ogre, wielding a +0 giant club (74% to hit)
You throw a poisoned dart.
The poisoned dart barely misses the ogre.
Throw: 8 darts (poison)
Aim: an ogre, wielding a +0 giant club (74% to hit)
You throw a poisoned dart. The poisoned dart hits the ogre.
The ogre is poisoned.
Throw: 7 darts (poison)
Aim: an ogre, wielding a +0 giant club (poisoned, 74% to hit)
You throw a poisoned dart. The poisoned dart hits the ogre.
Throw: 6 darts (poison)
Aim: an ogre, wielding a +0 giant club (lightly wounded, poisoned, 74% to hit)
You throw a poisoned dart.
The poisoned dart completely misses the ogre.
An ogre comes into view. It is wielding a +0 giant spiked club.
The ogre shouts!
You hit the ogre. The ogre hits you with a +0 giant club!
You hit the ogre. You block the ogre's attack.
You hit the ogre.
The ogre looks more healthy.
The ogre hits you with a +0 giant club.
You sock the ogre!
You kill the ogre!
You block the ogre's attack.
You see here a +0 giant club.
You hit the ogre. The ogre barely misses you.
You hit the ogre but do no damage.
The ogre hits you with a +0 giant spiked club!
* * * LOW HITPOINT WARNING * * *
There is a stone staircase leading up here.
Things that are here:
a +0 whip; a +0 hand crossbow; 17 bolts You barely miss the ogre.
You block the ogre's attack.
You sock the ogre!
The ogre hits you with a +0 giant spiked club!
* * * LOW HITPOINT WARNING * * *
Unknown command.
You hit the ogre but do no damage.
The ogre hits you with a +0 giant spiked club!!
You die...

#........##.........#.......
#...####.......†..<......##.
#...# ###............##.#
#...# ##..........#.>.#
##### ###.........##.###
##.....).....# .
##............# .
#....O........# #.
#....@.......##
#.........>.## ##.....######
###.....## #........#
##.......# #.......#
##.....## ##...##


You could see an ogre.

Vanquished Creatures
  A black bear (D:4)
  An ogre (D:4)
  An orc priest (D:2)
  Robin (D:3)
  2 adders
  A worm (D:2)
  A dart slug (D:3)
  3 orcs (D:2)
  8 ball pythons
  5 endoplasms
  3 giant cockroaches
  10 goblins
  9 hobgoblins
  4 jackals (D:3)
  4 kobolds
  2 quokkas
  2 bats
  2 frilled lizards (D:2)
  3 rats
63 creatures vanquished.

Notes
Turn   | Place    | Note
-------+----------+-------------------------------------------
     0 | D:1      | MrTaco21 the Gargoyle Fighter began the quest for the Orb.
     0 | D:1      | Reached XP level 1. HP: 14/14 MP: 1/1
   315 | D:1      | Reached XP level 2. HP: 16/19 MP: 2/2
   730 | D:1      | Reached skill level 3 in Maces & Flails
  1110 | D:2      | Reached XP level 3. HP: 20/23 MP: 3/3
  1642 | D:2      | Found a faded altar of an unknown god.
  1879 | D:2      | Reached skill level 4 in Maces & Flails
  1889 | D:2      | Reached XP level 4. HP: 4/28 MP: 4/4
  2619 | D:3      | Noticed Robin
  3182 | D:3      | Killed Robin
  3183 | D:3      | Reached skill level 5 in Maces & Flails
  3480 | D:3      | Found a blossoming altar of Fedhas.
  3546 | D:3      | Reached XP level 5. HP: 32/32 MP: 5/5
  3761 | D:3      | Found a glowing golden altar of the Shining One.
  3763 | D:3      | Found an opulent altar of Gozag.
  3909 | D:4      | Noticed a black bear
  3924 | D:4      | Killed a black bear
  3925 | D:4      | Reached skill level 6 in Maces & Flails
  3925 | D:4      | Reached XP level 6. HP: 26/37 MP: 6/6
  4098 | D:4      | Mangled by an ogre

Illustrated notes

Levels and vault maps discovered:
D:1:      evilmike_arrival_hilbert_curve, layout_basic
D:2:      layout_basic, chequers_ecumenical_altar_simple, minmay_pentomino_o2
D:3:      layout_rooms, nicolae_overflow_hidden_temple, uniq_robin
D:4:      layout_rooms, temple_statues

Skill      XL: |  1  2  3  4  5 |
---------------+----------------+-----
Maces & Flails | 3 4 5 6 |  6.6
Fighting       | |  3.2
Armour         | |  3.2
Shields        | |  3.2

Action                   |  1- 3 |  4- 6 || total
-------------------------+-------+-------++-------
Melee: Flail             |   110 |   106 ||   216
Throw: Dart              |       |     4 ||     4
Armor: Scale mail        |    59 |    84 ||   143
Dodge: Dodged            |    35 |    37 ||    72
Block: Kite shield       |    66 |    86 ||   152

Table legend: (Time is in decaauts)
 A = Elapsed time spent in this place.
 B = Non-inter-level travel time spent in this place.
 C = Inter-level travel time spent in this place.
 D = Time resting spent in this place.
 E = Time spent auto-exploring this place.
 F = Levels seen in this place.
 G = Mean time per level.
                   A        B        C        D        E       F      G
               +--------+--------+--------+--------+--------+-----+--------+
         Total |   4195 |   3850 |    345 |   1251 |   1981 |   4 | 1048.8 |
       Dungeon |   4195 |   3850 |    345 |   1251 |   1981 |   4 | 1048.8 |
               +--------+--------+--------+--------+--------+-----+--------+

Top non-repeatable levels by time:
     D:2: 2161 daAuts
     D:1: 978 daAuts
     D:3: 801 daAuts
     D:4: 253 daAuts
